 Dungeon Crawl Stone Soup version 0.30-a0-862-g1aabd4f9c5 (webtiles) character file.

Game seed: 17118723227491409537

47 Pimp the Insei (level 3, -1/34 HPs)
             Began as an Octopode Transmuter on Mar 9, 2023.
             Frozen to death by an endoplasm (5 damage)
             ... on level 2 of the Dungeon.
             The game lasted 00:02:16 (1257 turns).

Pimp the Insei (Octopode Transmuter)                Turns: 1257, Time: 00:02:17

Health: -1/34      AC: 21    Str:  9    XL:     3   Next: 70%
Magic:  6/6        EV:  2    Int: 15    God:
Gold:   59         SH:  0    Dex: 14    Spells: 5/6 levels left

rFire   . . .      SeeInvis .      - Unarmed
rCold   . . .      Faith    .    (no shield)
rNeg    . . .      Spirit   .    (helmet currently unavailable)
rPois   +          Reflect  .    (no amulet)
rElec   .          Rampage  .    (no ring)
rCorr   .          NoTele   +    (no ring)
Will    .....                    (no ring)
Stlth   +                        (no ring)
HPRegen 0.25/turn                (no ring)
MPRegen 0.10/turn                (no ring)
                                 (no ring)
                                 (no ring)

@: tree-form
A: stationary, stasis, torment immunity, boosted hp, almost no armour,
(amphibious), 8 rings, (camouflage 1), (gelatinous body 1), (nimble swimmer 1),
(tentacles)
a: no special abilities


You were on level 2 of the Dungeon.
You were a tree.
You visited 1 branch of the dungeon, and saw 2 of its levels.

You collected 59 gold pieces.

Inventory:

Missiles
 f - 5 poisoned darts
Scrolls
 c - a scroll of fear
 d - a scroll of identify {unknown}
 h - a scroll of fog {unknown}
Potions
 b - a potion of heal wounds {unknown}
 e - a potion of curing {unknown}
 g - a potion of mutation {unknown}


   Skills:
 + Level 1.5 Fighting
 + Level 2.3 Dodging
 * Level 3.6 Unarmed Combat
 + Level 2.2 Spellcasting
 + Level 2.3 Transmutations


You had 5 spell levels left.
You knew the following spells:

 Your Spells              Type           Power      Damage    Failure   Level
a - Beastly Appendage     Tmut           16%        N/A       9%          1

Your spell library contained the following spells:

 Spells                   Type           Power      Damage    Failure   Level
 Wereblood                Tmut           8%         N/A       12%         2
 Spider Form              Tmut/Pois      5%         N/A       36%         3
 Ice Form                 Ice/Tmut       5%         N/A       78%         4


Dungeon Overview and Level Annotations

Branches:
Dungeon (2/15)

Altars:


Innate Abilities, Weirdness & Mutations

You are a tree.
Your roots penetrate the ground, keeping you stationary.
You cannot be teleported.
You are immune to unholy pain and torment.
Your maximum health is greatly increased.
You cannot wear most types of armour.
((You are amphibious.))
You can wear up to eight rings at the same time.
((Your skin changes colour to match your surroundings (Stealth+).))
((Your rubbery body absorbs attacks. (AC +1, EV +1)))
((You are camouflaged when in or above water. (Stealth+)))
((You have tentacles for arms and can constrict up to eight enemies at once.))


Message History

You kill the rat!
You start resting.
HP restored.
g - a murky red potion;
h - a scroll labelled DUCARO NEAFAU You see here a +0 short sword.
A goblin comes into view. It is wielding a +0 club.
The goblin shouts!
You hear a bark!
A hobgoblin comes into view.
The goblin unwields a +0 club.
The goblin wields a +0 heavy sling.
The goblin shoots a sling bullet.
The sling bullet closely misses you.
You hear a shout!
An endoplasm comes into view.
The endoplasm quivers.
A bat comes into view.
The endoplasm freezes you.
You are frozen.
A jackal comes into view.
The goblin shoots a sling bullet.
The sling bullet hits you! The hobgoblin hits you.
The jackal moves out of view.
You hear a bark! x2
You hear a bark!
A jackal comes into view.
The hobgoblin hits you.
* * * LOW HITPOINT WARNING * * *
The goblin shoots a sling bullet.
The sling bullet closely misses you. The hobgoblin hits you.
* * * LOW HITPOINT WARNING * * *
The endoplasm attacks as you move away! The endoplasm misses you.
The endoplasm attacks as you move away! The endoplasm hits you.
* * * LOW HITPOINT WARNING * * *
You completely miss the endoplasm.
The endoplasm jiggles.
The endoplasm completely misses you.
Really quaff the potion of lignification? [Y]es or [N]o only, please.
Really quaff the potion of lignification?
You turn into a tree.
Your roots penetrate the ground.
The endoplasm freezes you.
You are frozen.
You die...

#######################
#...........bgJ♣......#
#..##...#...g####.....#
#.# #...#..g.# #...#
##.###..##....# ..#
.#......###....b...# #
.#.....## #...#....#
.#...### #..h#....#
.#.#### ##..# ...#
.#....#### #..# ##.#


You could see an endoplasm, a hobgoblin, a goblin and a bat.

Vanquished Creatures
  2 adders (D:2)
  2 worms (D:2)
  A dart slug (D:1)
  A ball python (D:1)
  5 bats (D:1)
  An endoplasm (D:2)
  A goblin (D:1)
  2 hobgoblins (D:1)
  A quokka (D:2)
  A frilled lizard (D:1)
  4 kobolds
  2 rats (D:2)
23 creatures vanquished.

Notes
Turn   | Place    | Note
-------+----------+-------------------------------------------
     0 | D:1      | Pimp the Octopode Transmuter began the quest for the Orb.
     0 | D:1      | Reached XP level 1. HP: 13/13 MP: 3/3
   218 | D:1      | Reached XP level 2. HP: 18/18 MP: 5/5
  1006 | D:2      | Reached XP level 3. HP: 15/23 MP: 6/6
  1257 | D:2      | Frozen to death by an endoplasm

Illustrated notes

Levels and vault maps discovered:
D:1:      minmay_arrival_diagonal_passages, layout_basic, reono_crystal_passage,
          nrook_campfire, minmay_distorted
D:2:      minmay_recursive_quarters, layout_basic, basic_altar,
          minmay_increasing_density, uniq_jessica, uniq_crazy_yiuf_cottage

Action                     || total
---------------------------++-------
  Melee: Unarmed           ||    52
         Tentacles         ||    11
         Constrict         ||    10
         Punch             ||     2
   Cast: Beastly Appendage ||     1
    Use: Scroll            ||     3
         Potion            ||     1
   Stab: Sleeping          ||     4
 Armour: Skin              ||     4
  Dodge: Dodged            ||    32

Table legend: (Time is in decaauts)
 A = Elapsed time spent in this place.
 B = Non-inter-level travel time spent in this place.
 C = Inter-level travel time spent in this place.
 D = Time resting spent in this place.
 E = Time spent auto-exploring this place.
 F = Levels seen in this place.
 G = Mean time per level.
                   A        B        C        D        E       F      G
               +--------+--------+--------+--------+--------+-----+--------+
         Total |   1254 |   1161 |     93 |    141 |    815 |   2 |  627.0 |
       Dungeon |   1254 |   1161 |     93 |    141 |    815 |   2 |  627.0 |
               +--------+--------+--------+--------+--------+-----+--------+

Top non-repeatable levels by time:
     D:1: 939 daAuts
     D:2: 314 daAuts
